 Dungeon Crawl Stone Soup version 0.27.0-1-g7a089689b8 (webtiles) character file.

Game seed: 16811153755241357230

28 SnakkuSnakku7 the Grave Robber (level 3, -6/29 HPs)
             Began as a Merfolk Necromancer on Aug 7, 2021.
             Mangled by Natasha (7 damage)
             ... on level 2 of the Dungeon.
             The game lasted 00:02:00 (1507 turns).

SnakkuSnakku7 the Grave Robber (MfNe)               Turns: 1507, Time: 00:02:01

Health: -6/29      AC:  2    Str:  9    XL:     3   Next: 14%
Magic:  5/6        EV: 12    Int: 14    God:
Gold:   38         SH:  0    Dex: 14    Spells: 5/6 levels left

rFire    . . .     SeeInvis .   b - +0 whip
rCold    . . .     Faith    .   (no shield)
rNeg     . . .     Spirit   .   a - +0 robe
rPois    .         Reflect  .   (no helmet)
rElec    .         Harm     .   (no cloak)
rCorr    .         Rampage  .   (no gloves)
Will     .....                  (no boots)
Stlth    ++........             (no amulet)
HPRegen  0.09/turn              (no ring)
MPRegen  0.10/turn              (no ring)

@: flying, very slightly contaminated, slowed, very slow
A: (nimble swimmer 2), mertail
a: no special abilities


You were on level 2 of the Dungeon.
You visited 1 branch of the dungeon, and saw 2 of its levels.

You collected 38 gold pieces.

Inventory:

Hand Weapons
 b - a +0 whip (weapon)
Armour
 a - a +0 robe (worn)
 e - a +0 plate armour


   Skills:
 + Level 3.0 Fighting
 - Level 2.6 Dodging
 - Level 2.1 Stealth
 - Level 2.0 Spellcasting
 - Level 3.2 Necromancy


You had 5 spell levels left.
You knew the following spells:

 Your Spells              Type           Power      Damage    Failure   Level
a - Pain                  Necr           40%        1d6       6%          1

Your spell library contained the following spells:

 Spells                   Type           Power      Damage    Failure   Level
 Animate Skeleton         Necr           20%        N/A       6%          1
 Vampiric Draining        Necr           5%         2d6       19%         3
 Animate Dead             Necr           5%         N/A       52%         4
 Agony                    Necr           10%        N/A       86%         5


Dungeon Overview and Level Annotations

Branches:
Dungeon (2/15)

Altars:

Annotations:
D:2 Natasha


Innate Abilities, Weirdness & Mutations

((You are quick and stealthy near water. (Stealth+, EV+, Speed+++)))
Your lower body shifts to a powerful aquatic tail in water.


Message History

Aim: Natasha (chance to affect: 63%) Natasha resists with significant effort.
Natasha mumbles some strange words.
Casting: Pain (safe; 6% risk of failure)
Confirm with . or Enter, or press ? or * to list all spells.
You can't see any susceptible monsters within range! (Use Z to cast anyway.) Unknown command.
Casting: Pain (safe; 6% risk of failure)
Confirm with . or Enter, or press ? or * to list all spells.
Okay, then.
The white imp gestures at you. The puff of frost hits you.
Natasha casts a spell at you.
You feel yourself slow down.
Natasha mewls in sadness.
Natasha closely misses you.
The white imp disappears in a puff of smoke!
Natasha claws you!
You aren't carrying any scrolls.
Unknown command.
Natasha barely misses you.
It was a potion of flight.
You feel very buoyant.
You fly up into the air.
Natasha claws you!
* * * LOW HITPOINT WARNING * * *
It was a potion of curing.
You feel better. Natasha claws you.
* * * LOW HITPOINT WARNING * * *
Natasha hisses.
Natasha claws you.
* * * LOW HITPOINT WARNING * * *
Unknown command.
Casting: Pain (safe; 6% risk of failure)
Confirm with . or Enter, or press ? or * to list all spells.
Aiming: Pain (safe; 6% risk of failure)
Press: ? - help, Shift-Dir - straight line, f/p - Natasha
Aim: Natasha (chance to affect: 63%)
You miscast Pain.
You are very lightly contaminated with residual magic.
Nothing appears to happen.
Natasha claws you!
You die...

#.........#
###.#.#######
#.h5#.#.....#
##.#.#.....#.#
#...##.......#
#...#....#.#####.#
#...#............#
#...##..##h######
.....##..#@#
...... #..#.#
#...... ##...#
≈...≈≈≈≈ #.#####
#.....# #####.#
#.# #.# #.#


You could see Natasha.

Vanquished Creatures
  A dart slug (D:1)
  An endoplasm (D:1)
  2 giant cockroaches (D:1)
  3 goblins (D:1)
  3 hobgoblins (D:1)
  5 jackals (D:1)
  2 ball pythons
  A bat (D:1)
  2 frilled lizards (D:1)
  A kobold (D:1)
  2 rats (D:1)
23 creatures vanquished.

Notes
Turn   | Place    | Note
-------+----------+-------------------------------------------
     0 | D:1      | SnakkuSnakku7 the Merfolk Necromancer began the quest for
                  | the Orb.
     0 | D:1      | Reached XP level 1. HP: 13/13 MP: 3/3
    19 | D:1      | Found a faded altar of an unknown god.
   235 | D:1      | Reached skill level 1 in Fighting
   363 | D:1      | Reached XP level 2. HP: 2/22 MP: 0/5
  1178 | D:1      | Reached XP level 3. HP: 25/28 MP: 2/6
  1293 | D:1      | You fall into a shaft and drop 1 floor!
  1488 | D:2      | Noticed Natasha
  1506 | D:2      | HP: 1/29 [Natasha (6)]
  1507 | D:2      | Mangled by Natasha

Illustrated notes

Levels and vault maps discovered:
D:1:      lightli_arrival_isolated_outpost, layout_basic,
          ebering_ecumenical_altar_petrified,
          hangedman_abyss_or_decor_lesser_grid, corexii_corridor_pit
D:2:      layout_basic, nicolae_underground_beach, uniq_natasha

Skill      XL: |  1  2  3 |
---------------+----------+-----
Fighting       | 1 2 3 |  3.0
Dodging        | |  2.6
Stealth        | |  2.1
Spellcasting   | |  2.0
Necromancy     | |  3.2

Action                   || total
-------------------------++-------
Melee: Whip              ||    80
       Tailslap          ||     3
 Cast: Pain              ||    26
  Use: Potion            ||     2
 Stab: Sleeping          ||     1
Armor: Robe              ||    17
Dodge: Dodged            ||    68
